 Dungeon Crawl Stone Soup version 0.26-a0-597-gb535b0901c (webtiles) character file.

Game seed: 12157183706409746936

18 Lugonue the Insei (level 2, -2/22 HPs)
             Began as a Demigod Transmuter on Sept 9, 2020.
             Slain by a gnoll
             ... wielding a +0 spear
              (5 damage)
             ... on level 1 of the Dungeon.
             The game lasted 00:00:37 (774 turns).

Lugonue the Insei (Demigod Transmuter)               Turns: 774, Time: 00:00:38

Health: -2/22      AC:  2    Str: 13    XL:     2   Next: 33%
Magic:  6/7        EV: 12    Int: 17    God:
Gold:   40         SH:  0    Dex: 16    Spells: 4/5 levels left

rFire    . . .     SeeInvis .     - Unarmed
rCold    . . .     Faith    .   (no shield)
rNeg     . . .     Spirit   .   a - +0 robe
rPois    .         Reflect  .   (helmet currently unavailable)
rElec    .         Harm     .   (no cloak)
rCorr    .                      (no gloves)
MR       .....                  (boots currently unavailable)
Stlth    +.........             (no amulet)
HPRegen  0.07/turn              (no ring)
MPRegen  0.10/turn              (no ring)

@: appendages (expiring)
A: horns 2, talons 2, high mp 1
a: End Transformation


You were on level 1 of the Dungeon.
You had grown temporary horns.
You had grown temporary talons.
You visited 1 branch of the dungeon, and saw 1 of its levels.

You collected 40 gold pieces.

Inventory:

Armour
 a - a +0 robe (worn)
Scrolls
 b - a scroll of enchant armour {unknown}
 c - 2 scrolls of identify {unknown}
 h - a scroll of fog {unknown}
 i - a scroll of remove curse {unknown}
Potions
 d - a potion of curing {unknown}
 e - a potion of stabbing {unknown}
 f - a potion of might {unknown}
 g - a potion of mutation {unknown}


   Skills:
 + Level 0.8 Fighting
 + Level 1.9 Dodging
 + Level 3.2 Unarmed Combat
 + Level 2.0 Spellcasting
 + Level 1.8 Transmutations


You had 4 spell levels left.
You knew the following spells:

 Your Spells              Type           Power        Failure   Level
a - Beastly Appendage     Tmut           #.....       9%          1

Your spell library contained the following spells:

 Spells                   Type           Power        Failure   Level
 Wereblood                Tmut           #.......     14%         2
 Spider Form              Tmut/Pois      #.........   36%         3
 Ice Form                 Ice/Tmut       #.......     78%         4
 Blade Hands              Tmut           #.........   94%         5


Dungeon Overview and Level Annotations

Branches:
Dungeon (1/15)


Innate Abilities, Weirdness & Mutations

You have an increased reservoir of magic. (+10% MP)
You have a pair of horns on your head.
You have razor-sharp toenails.


Message History

Casting: Beastly Appendage (safe; 9% risk of failure)
Confirm with . or Enter, or press ? or * to list all spells.
You grow a pair of large bovine horns.
Your feet morph into talons.
The gnoll barely misses you. The gnoll hits you with a +0 spear.
You hit the gnoll. Your kick misses the gnoll. Your headbutt misses the gnoll.
The gnoll is moderately wounded.
The gnoll hits you with a +0 spear!
You are too injured to fight recklessly!
You are too injured to fight recklessly!
You are too injured to fight recklessly!
You barely miss the gnoll.
The gnoll is moderately wounded.
Your transformation is almost over.
The gnoll hits you with a +0 spear.
* * * LOW HITPOINT WARNING * * *
You barely miss the gnoll.
The gnoll is moderately wounded.
The gnoll hits you with a +0 spear.
You die...

..'...#.#
..#####.#
....
......#.#
...
........#
..#
.####.###
... ## ..
#.# ##
#.# #g#
#@# #.#
#.# #.#
#.# #.#
####.#
#....#
#.####


You could see a gnoll.

Vanquished Creatures
  A dart slug (D:1)
  A goblin (D:1)
  2 hobgoblins (D:1)
  3 bats (D:1)
  8 frilled lizards (D:1)
  2 kobolds (D:1)
  3 rats (D:1)
20 creatures vanquished.

Notes
Turn   | Place    | Note
-------+----------+-------------------------------------------
     0 | D:1      | Lugonue the Demigod Transmuter began the quest for the Orb.
     0 | D:1      | Reached XP level 1. HP: 15/15 MP: 5/5
     6 | D:1      | Noticed a hound
     6 | D:1      | Noticed a rime drake
     7 | D:1      | Noticed a crocodile
     7 | D:1      | Noticed a black bear
   489 | D:1      | Reached skill level 3 in Unarmed Combat
   530 | D:1      | Reached XP level 2. HP: 22/22 MP: 5/7
   774 | D:1      | Slain by a gnoll

Illustrated notes

Levels and vault maps discovered:
D:1:      onia_arrival_zoo_common, layout_basic, minmay_lizard_pond

Skill      XL: |  1 |
---------------+----+-----
Spellcasting   | 2 |  2.0
Unarmed Combat | 3 |  3.2
Fighting       | |  0.8
Dodging        | |  1.9
Transmutations | |  1.8

Action                   || total
-------------------------++-------
Melee: Unarmed           ||    36
       Kick              ||     5
       Headbutt          ||     1
 Cast: Beastly Appendage ||     9
Armor: Robe              ||     2
Dodge: Dodged            ||    17

Table legend: (Time is in decaauts)
 A = Elapsed time spent in this place.
 B = Non-inter-level travel time spent in this place.
 C = Inter-level travel time spent in this place.
 D = Time resting spent in this place.
 E = Time spent auto-exploring this place.
 F = Levels seen in this place.
 G = Mean time per level.
                   A        B        C        D        E       F      G
               +--------+--------+--------+--------+--------+-----+--------+
         Total |    772 |    772 |      0 |      0 |    672 |   1 |  772.0 |
       Dungeon |    772 |    772 |      0 |      0 |    672 |   1 |  772.0 |
               +--------+--------+--------+--------+--------+-----+--------+

Top non-repeatable levels by time:
     D:1: 772 daAuts
